 Dungeon Crawl Stone Soup version 0.25.1-2-g60ff931df9 (webtiles) character file.

Game seed: 10786509263110269807

1331 Almogavar the Charmwright (level 8, 0/64 HPs)
             Began as a Gnoll Skald on Sept 6, 2020.
             Was an Initiate of Okawaru.
             Slain by an orc warrior
             ... wielding a +0 long sword
              (5 damage)
             ... on level 5 of the Dungeon.
             The game lasted 00:21:33 (6478 turns).

Almogavar the Charmwright (Gnoll Skald)             Turns: 6478, Time: 00:21:34

Health: 0/64       AC:  8    Str: 16      XL:     8   Next: 60%
Magic:  17/17      EV: 14    Int: 16      God:    Okawaru [......]
Gold:   328        SH:  0    Dex: 17 (20) Spells: 16/19 levels left

rFire    . . .     SeeInvis .   a - +0 falchion
rCold    . . .     Gourm    .   (no shield)
rNeg     . . .     Faith    .   h - +0 ring mail
rPois    .         Spirit   .   (no helmet)
rElec    .         Reflect  .   f - +0 cloak
rCorr    .         Harm     .   c - +0 pair of gloves
MR       .....     Rnd*Tele +   (no boots)
Stlth    ++........             (no amulet)
HPRegen  0.20/turn              k - +6 ring of dexterity
MPRegen  0.15/turn              i - ring of teleportation (curse)

@: no status effects
A: distributed training, fangs 1, strong nose
a: Renounce Religion


You were on level 5 of the Dungeon.
You worshipped Okawaru.
Okawaru was noncommittal.
You were not hungry.

You visited 2 branches of the dungeon, and saw 7 of its levels.

You collected 328 gold pieces.

Inventory:

Hand Weapons
 a - a +0 falchion (weapon)
Armour
 c - a +0 pair of gloves (worn)
 f - a +0 cloak (worn)
 h - a +0 ring mail (worn)
 j - a +0 scale mail
Jewellery
 e - an uncursed ring of fire
 i - a cursed ring of teleportation (right hand)
 k - a +6 ring of dexterity (left hand)
Wands
 m - a wand of acid (5)
 p - a wand of clouds (3)
Scrolls
 b - a scroll of immolation {unknown}
 r - 2 scrolls of blinking
 s - a scroll of identify
Potions
 g - 2 potions of lignification
 l - a potion of haste {unknown}
Comestibles
 d - 9 rations


   Skills:
 + Level 5.7 Fighting
 + Level 3.3 Short Blades
 + Level 5.7 Long Blades
 + Level 3.3 Axes
 + Level 3.3 Maces & Flails
 + Level 3.3 Polearms
 + Level 3.3 Staves
 + Level 3.3 Slings
 + Level 3.3 Bows
 + Level 3.3 Crossbows
 + Level 3.3 Throwing
 + Level 4.3 Armour
 + Level 5.7 Dodging
 + Level 3.3 Stealth
 + Level 3.3 Shields
 + Level 3.3 Unarmed Combat
 + Level 6.1 Spellcasting
 + Level 2.7 Conjurations
 + Level 2.7 Hexes
 + Level 6.1 Charms
 + Level 2.7 Summonings
 + Level 2.7 Necromancy
 + Level 2.7 Translocations
 + Level 2.7 Transmutations
 + Level 2.7 Fire Magic
 + Level 2.7 Ice Magic
 + Level 2.7 Air Magic
 + Level 2.7 Earth Magic
 + Level 2.7 Poison Magic
 + Level 3.7 Invocations
 + Level 3.3 Evocations


You had 16 spell levels left.
You knew the following spells:

 Your Spells              Type           Power        Failure   Level  Hunger
a - Infusion              Chrm           ###.         1%          1    None
b - Song of Slaying       Chrm           ###.....     3%          2    #......

Your spell library contained the following spells:

 Spells                   Type           Power        Failure   Level  Hunger
 Shroud of Golubria       Chrm/Tloc      ###...       6%          2    #......
 Ozocubu's Armour         Chrm/Ice       ###.....     12%         3    ##.....
 Spectral Weapon          Hex/Chrm       ###.....     12%         3    ##.....
 Confusing Touch          Hex            ##......     24%         3    ##.....
 Gell's Gravitas          Tloc           ##........   24%         3    ##.....
 Petrify                  Tmut/Erth      ##......     61%         4    ####...
 Metabolic Englaciation   Hex/Ice        ##........   91%         5    ######.
 Yara's Violent Unravell  Hex/Tmut       ##........   91%         5    ######.


Dungeon Overview and Level Annotations

Branches:
Dungeon (6/15)             Temple (1/1) D:5

Altars:
Ashenzari
Cheibriados
Dithmenos
Fedhas
Nemelex Xobeh
Okawaru
Qazlal
Sif Muna
Trog
Vehumet
Xom
Zin

Annotations:
D:3 1 runed translucent door, kalagan's ghost, amateur GrFi


Innate Abilities, Weirdness & Mutations

Your experience applies equally to all skills.
You have very sharp teeth.
Your uncanny sense of smell can sniff out nearby items.


Message History

You hit the orc warrior.
You punch the orc warrior, but do no damage.
The orc warrior is lightly wounded.
The orc warrior closely misses you.
You riposte.
You closely miss the orc warrior.
You bite the orc warrior, but do no damage.
The orc warrior is lightly wounded.
You hit the orc warrior but do no damage.
The orc warrior is lightly wounded.
The orc warrior closely misses you.
You riposte.
You hit the orc warrior.
The orc warrior is lightly wounded.
Unknown command.
You hit the orc warrior.
The orc warrior is moderately wounded.
The orc warrior hits you but does no damage.
Unknown command.
You barely miss the orc warrior.
The orc warrior is moderately wounded.
The orc warrior hits you with a +0 long sword.
You die...

##....#...........#..####.©
#.....#############.##..###
####..##............#......
#....+...........##.##...
#....#...........#.....#.
#########'#...........#..##..©
#...........#'##......#......#
#...........#..##+###.##...#..
#...........'@..#......#....#.
#...........#.o.'......#####..
#######.....#####....#.....###
#....'.........#....##.......
#....#.........#...........#.
#..###<........#######.....#.
#..######+#..........#....##.
#..#......###'#......#....##.
#..#.......#..#......###'###.


You could see an orc warrior.

Vanquished Creatures
  The ghost of H0rd4k the Insei, a novice OpTm (D:5)
  Menkaure (D:4)
  2 scorpions (D:4)
  A howler monkey (D:5)
  A crimson imp (D:5)
  A bullfrog zombie (D:5)
  A centaur zombie (D:5)
  A hound (D:4)
  2 orc wizards
  3 quasits (D:5)
  A bullfrog skeleton (D:5)
  An orc priest (D:5)
  2 iguanas
  A worker ant (D:4)
  A hound zombie (D:5)
  A hound skeleton (D:5)
  7 adders
  An adder skeleton (D:5)
  2 worms
  2 dart slugs
  4 leopard geckos
  11 orcs
  3 ball pythons
  5 giant cockroaches
  6 goblins
  7 hobgoblins
  10 jackals
  3 kobolds
  2 quokkas
  8 bats
  6 frilled lizards
  A leopard gecko skeleton (D:4)
  A quokka zombie (D:5)
  10 rats
110 creatures vanquished.

Notes
Turn   | Place    | Note
-------+----------+-------------------------------------------
     0 | D:1      | Almogavar the Gnoll Skald began the quest for the Orb.
     0 | D:1      | Reached XP level 1. HP: 20/20 MP: 6/6
   251 | D:1      | Reached XP level 2. HP: 22/26 MP: 7/7
   706 | D:1      | Reached skill level 5 in Spellcasting
   706 | D:1      | Reached XP level 3. HP: 23/31 MP: 7/9
   905 | D:2      | Reached skill level 1 in Invocations
  1126 | D:2      | Reached skill level 1 in Short Blades
  1126 | D:2      | Reached skill level 1 in Axes
  1126 | D:2      | Reached skill level 1 in Maces & Flails
  1126 | D:2      | Reached skill level 1 in Polearms
  1126 | D:2      | Reached skill level 1 in Staves
  1126 | D:2      | Reached skill level 1 in Slings
  1126 | D:2      | Reached skill level 1 in Bows
  1126 | D:2      | Reached skill level 1 in Crossbows
  1126 | D:2      | Reached skill level 1 in Throwing
  1126 | D:2      | Reached skill level 1 in Stealth
  1126 | D:2      | Reached skill level 1 in Shields
  1126 | D:2      | Reached skill level 1 in Unarmed Combat
  1126 | D:2      | Reached skill level 1 in Evocations
  1126 | D:2      | Reached XP level 4. HP: 38/38 MP: 11/11
  1443 | D:2      | Reached skill level 1 in Conjurations
  1443 | D:2      | Reached skill level 1 in Hexes
  1443 | D:2      | Reached skill level 1 in Summonings
  1443 | D:2      | Reached skill level 1 in Necromancy
  1443 | D:2      | Reached skill level 1 in Translocations
  1443 | D:2      | Reached skill level 1 in Transmutations
  1443 | D:2      | Reached skill level 1 in Fire Magic
  1443 | D:2      | Reached skill level 1 in Ice Magic
  1443 | D:2      | Reached skill level 1 in Air Magic
  1443 | D:2      | Reached skill level 1 in Earth Magic
  1443 | D:2      | Reached skill level 1 in Poison Magic
  1929 | D:2      | Found a shadowy altar of Dithmenos.
  2031 | D:3      | Reached XP level 5. HP: 43/43 MP: 12/12
  2772 | D:3      | Found a runed translucent door.
  2772 | D:3      | Noticed kalagan's ghost (amateur GrFi)
  2972 | D:4      | Reached XP level 6. HP: 44/50 MP: 13/13
  2984 | D:4      | Found a snail-covered altar of Cheibriados.
  3306 | D:4      | Reached skill level 5 in Fighting
  3306 | D:4      | Reached skill level 5 in Long Blades
  3306 | D:4      | Reached skill level 5 in Dodging
  3833 | D:4      | Found a glowing silver altar of Zin.
  3834 | D:4      | Noticed Menkaure
  3843 | D:4      | Killed Menkaure
  3843 | D:4      | Reached XP level 7. HP: 29/56 MP: 15/15
  3994 | D:4      | Found a shimmering blue altar of Sif Muna.
  4509 | D:5      | Entered Level 5 of the Dungeon
  4561 | D:5      | Found a shattered altar of Ashenzari.
  4588 | D:5      | Found a blossoming altar of Fedhas.
  4813 | D:5      | Found a sparkling altar of Nemelex Xobeh.
  5160 | D:5      | Found a staircase to the Ecumenical Temple.
  5177 | D:5      | Found a transporter.
  5179 | D:5      | Noticed H0rd4k's ghost (novice OpTm)
  5211 | D:5      | Found a transporter.
  5447 | D:5      | Found a bloodstained altar of Trog.
  5560 | D:5      | Learned a level 2 spell: Song of Slaying
  6074 | Temple   | Entered the Ecumenical Temple
  6096 | Temple   | Became a worshipper of Warmaster Okawaru
  6243 | D:5      | Reached XP level 8. HP: 40/63 MP: 16/16
  6259 | D:5      | Killed H0rd4k's ghost
  6478 | D:5      | Slain by an orc warrior

Illustrated notes

Levels and vault maps discovered:
D:1:      dpeg_arrival_rooms_b, layout_loops_ring, hangedman_feature_mirror
D:2:      layout_loops_ring, grunt_dithmenos_smoke
D:3:      minmay_chambers_of_threes, layout_loops_ring, gammafunk_ghost_grave,
          lemuel_old_faithful
D:4:      layout_basic, kennysheep_slug_shrine, nicolae_overflow_hidden_temple,
          first_ration, uniq_menkaure
D:5:      layout_gridville, kennysheep_mini, nicolae_overflow_crystal_walls,
          fedhas_ov_isle_minmay, minmay_temple_entry_statues,
          gammafunk_ghost_stat_death, ashenzari_altar_1
D:6:      layout_loops_corners, gup_sewer_entry_glass, minmay_joined_circles,
          uniq_edmund
Temple:   regret_index_temple_waves

Skill      XL: |  1  2  3  4  5  6  7  8 |
---------------+-------------------------+-----
Spellcasting   | 5 6 |  6.1
Invocations    | 1 2 3 |  3.7
Short Blades   | 1 2 3 |  3.3
Axes           | 1 2 3 |  3.3
Maces & Flails | 1 2 3 |  3.3
Polearms       | 1 2 3 |  3.3
Staves         | 1 2 3 |  3.3
Slings         | 1 2 3 |  3.3
Bows           | 1 2 3 |  3.3
Crossbows      | 1 2 3 |  3.3
Throwing       | 1 2 3 |  3.3
Stealth        | 1 2 3 |  3.3
Shields        | 1 2 3 |  3.3
Unarmed Combat | 1 2 3 |  3.3
Evocations     | 1 2 3 |  3.3
Conjurations   | 1 2 |  2.7
Hexes          | 1 2 |  2.7
Summonings     | 1 2 |  2.7
Necromancy     | 1 2 |  2.7
Translocations | 1 2 |  2.7
Transmutations | 1 2 |  2.7
Fire Magic     | 1 2 |  2.7
Ice Magic      | 1 2 |  2.7
Air Magic      | 1 2 |  2.7
Earth Magic    | 1 2 |  2.7
Poison Magic   | 1 2 |  2.7
Armour         | 3 4 |  4.3
Fighting       | 5 |  5.7
Long Blades    | 5 |  5.7
Dodging        | 5 |  5.7
Charms         | 6 |  6.1

Action                   |  1- 3 |  4- 6 |  7- 9 || total
-------------------------+-------+-------+-------++-------
Melee: Falchion          |    58 |   245 |   192 ||   495
       Bite              |     7 |    38 |    33 ||    78
       Punch             |       |     2 |     4 ||     6
 Cast: Song of Slaying   |       |       |     2 ||     2
  Use: Scroll            |       |     3 |     4 ||     7
       Potion            |       |     1 |     8 ||     9
 Stab: Sleeping          |       |       |    21 ||    21
       Invisible         |       |       |     1 ||     1
  Eat: Chunk             |       |    10 |     3 ||    13
       Ration            |       |       |     2 ||     2
Armor: Leather armour    |    11 |       |       ||    11
       Ring mail         |     5 |    73 |   134 ||   212
       Skin              |       |    17 |   123 ||   140
Dodge: Dodged            |    49 |   156 |   257 ||   462
       Rpst.: Falchion   |    21 |    44 |    61 ||   126
